 Dungeon Crawl Stone Soup version 0.20.1-1-g8b1a95d (webtiles) character file.

218 Irenicus the Insei (level 5, -2/37 HPs)
             Began as an Octopode Chaos Knight on Oct 16, 2017.
             Slain by Crazy Yiuf
             ... wielding a +4 quarterstaff of chaos
              (7 damage)
             ... on level 3 of the Dungeon.
             The game lasted 00:18:31 (2257 turns).

Irenicus the Insei (Octopode Chaos Knight)          Turns: 2257, Time: 00:18:32

Health: -2/37      AC:  1    Str: 12    XL:     5   Next: 95%
Magic:  0/5        EV: 20    Int: 21    God:    Xom [......]
Gold:   144        SH:  0    Dex: 17    Spells: 4/4 levels left

rFire    . . .     SeeInvis .     - Unarmed
rCold    . . .     Gourm    .   (no shield)
rNeg     . . .     Faith    .   (helmet restricted)
rPois    +         Spirit   +   x - amulet of guardian spirit
rElec    .         Reflect  .   q - ring of flight
rCorr    .         Harm     .   t - +2 ring of intelligence
MR       .....                  (no ring)
Stlth    ++++......             (no ring)
Regen    0.2/turn               (no ring)
MPRegen  0.1/turn               (no ring)
                                (no ring)
                                (no ring)

@: brilliant, agile
A: almost no armour, stealthy swim, amphibious, 8 rings, constrict 8, antennae
1, camouflage 1, poison resistance, gelatinous body 1
a: Renounce Religion, Evoke Flight


You were on level 3 of the Dungeon.
You worshipped Xom.
You were a very special plaything of Xom.
You were not hungry.

You visited 1 branch of the dungeon, and saw 3 of its levels.

You collected 144 gold pieces.

Inventory:

Jewellery
 o - an uncursed amulet of magic regeneration
 q - a ring of flight (left tentacle)
 t - a +2 ring of intelligence (right tentacle)
 x - an amulet of guardian spirit (around mantle)
Scrolls
 d - a scroll of teleportation {unknown}
 f - a scroll of magic mapping {unknown}
 g - a scroll of enchant weapon {unknown}
 l - 2 scrolls of identify {unknown}
 p - a scroll of remove curse {unknown}
 s - a scroll of recharging {unknown}
 v - a scroll of amnesia {unknown}
 w - a scroll of blinking {unknown}
Potions
 c - a potion of cancellation
 e - a potion of lignification
 h - 2 potions of haste
 m - a potion of magic
 r - a potion of might {unknown}
Comestibles
 a - 4 bread rations
 b - 7 fruits
 n - a royal jelly


   Skills:
 + Level 3.7 Fighting
 + Level 3.5 Dodging
 - Level 1.1 Stealth
 + Level 5.2 Unarmed Combat


You had 4 spell levels left.
You didn't know any spells.

Dungeon Overview and Level Annotations

Branches:
Dungeon (3/15)

Altars:

Annotations:
D:1 test2
D:3 Crazy Yiuf, Sigmund


Innate Abilities, Weirdness & Mutations

You cannot wear most types of armour.
You are very stealthy in the water. (Stealth+)
You are amphibious.
You can wear up to eight rings at the same time.
You can use your tentacles to constrict eight enemies at once.
Your skin changes colour to match your surroundings (Stealth+).
Your rubbery body absorbs attacks. (AC +1, EV +1)
You have a pair of small antennae on your head.
Your system is resistant to poisons. (rPois)


Message History

You hear Xom's maniacal laughter.
You feel odd.
You are now a very special plaything of Xom.
Crazy Yiuf heaves a sigh in contemplation.
Xom notices you.
Your skin glows momentarily.
Crazy Yiuf says, "Which is more difficult, to awaken one who sleeps or to awaken one who, awake, dreams that he is awake?"
It was a potion of magic.
Magic courses through your body. Crazy Yiuf barely misses you.
Okay, then.
It was a potion of brilliance.
You feel clever all of a sudden.
Xom roars with laughter!
Crazy Yiuf hits you with a quarterstaff of chaos.
* * * LOW HITPOINT WARNING * * *
An orc comes into view. It is wielding a flail.
It was a potion of mutation.
You feel extremely strange.
You feel resistant to poisons. A pair of antennae grows on your head!
Crazy Yiuf hits you with a quarterstaff of chaos!
You die...

#.# #########......)...##### #.#
#..............### #.# #####
#................. #.# #...#
#..[....##.....### #.# #...#
###############...
#.####...###################...
#..........{..............##...
#######...################'##...
#.[..........{g@.# #.......
##.#############.# #.g..... #.#
#....#.# #....... #.#
#.##o#.########....... #.#
#.#.......#..####....# #.#
#.#<......#.## ##..##
#.########.##.....o...# #....#
#..........#....o.....# ##...#
###############....o..# ##.##


You could see Crazy Yiuf and an orc (wandering).

Vanquished Creatures
  Jessica (D:3)
  Robin (D:2)
  3 gnolls (D:2)
  4 adders
  5 oozes
  3 worms
  A dart slug (D:1)
  2 leopard geckos
  2 orcs (D:3)
  3 ball pythons
  6 bats
  2 giant cockroaches
  19 goblins
  8 hobgoblins
  4 jackals
  2 frilled lizards (D:1)
  5 kobolds
  11 rats
82 creatures vanquished.

Notes
Turn   | Place    | Note
-------+----------+-------------------------------------------
     0 | D:1      | Irenicus the Octopode Chaos Knight began the quest for the Orb.
     0 | D:1      | Reached XP level 1. HP: 16/16 MP: 1/1
   148 | D:1      | XOM: harmless Air miscast
   236 | D:1      | Reached XP level 2. HP: 18/21 MP: 2/2
   407 | D:1      | Reached skill level 1 in Stealth
   486 | D:1      | Reached XP level 3. HP: 26/26 MP: 3/3
   582 | D:2      | XOM: butterfly on damage
   829 | D:2      | XOM: harmless Summ miscast
   927 | D:2      | XOM: harmless Erth miscast
   994 | D:2      | XOM: cleaving
  1039 | D:2      | Reached XP level 4. HP: 26/31 MP: 4/4
  1062 | D:2      | Noticed Robin
  1062 | D:2      | XOM: divination: detect items
  1070 | D:2      | Reached skill level 4 in Unarmed Combat
  1080 | D:2      | Killed Robin
  1229 | D:2      | XOM: divination: magic mapping
  1296 | D:2      | Reached XP level 5. HP: 15/36 MP: 5/5
  1872 | D:3      | Noticed Jessica
  1876 | D:3      | XOM: summons friendly white imp
  1879 | D:3      | Killed Jessica
  1879 | D:3      | Reached skill level 5 in Unarmed Combat
  1902 | D:3      | XOM: 3-stop teleportation journey
  2106 | D:3      | XOM is BORED!
  2106 | D:3      | XOM: medium Pois miscast
  2201 | D:3      | Found a runed door.
  2205 | D:3      | Noticed Crazy Yiuf
  2205 | D:3      | Noticed Sigmund
  2205 | D:3      | XOM: confusion
  2222 | D:3      | XOM: divination: detect creatures
  2248 | D:3      | XOM: harmless Pois miscast
  2252 | D:3      | XOM: harmless Chrm miscast
  2257 | D:3      | Gained mutation: Your system is resistant to poisons. (rPois) [potion of mutation]
  2257 | D:3      | Gained mutation: You have a pair of small antennae on your head. [potion of mutation]
  2257 | D:3      | Slain by Crazy Yiuf

Skill      XL: |  1  2  3  4  5 |
---------------+----------------+-----
Stealth        | 1 |  1.1
Unarmed Combat | 4 5 |  5.2
Dodging        | 3 |  3.5
Fighting       | |  3.7

Action                   |  1- 3 |  4- 6 || total
-------------------------+-------+-------++-------
Melee: Unarmed           |    80 |   101 ||   181
       Constrict         |    16 |    19 ||    35
       Tentacles         |     7 |    16 ||    23
       Punch             |       |     2 ||     2
  Use: Potion            |       |     7 ||     7
 Stab: Sleeping          |     9 |     4 ||    13
       Distracted        |       |     1 ||     1
  Eat: Chunk             |       |     4 ||     4
Armor: Skin              |     4 |     5 ||     9
Dodge: Dodged            |    39 |    61 ||   100
